 Dungeon Crawl Stone Soup version 0.27-a0-1105-g946c659c87 (webtiles) character file.

Game seed: 9030939242158740058

289 DogServant the Magician (level 6, 0/43 HPs)
             Began as a Djinni Ice Elementalist on Apr 29, 2021.
             Slain by a gnoll
             ... wielding a +0 halberd
              (15 damage)
             ... on level 4 of the Dungeon.
             The game lasted 00:04:33 (3061 turns).

DogServant the Magician (Djinni Ice Elementalist)   Turns: 3061, Time: 00:04:34

Health: 0/43       AC:  2    Str:  7    XL:     6   Next: 31%
Gold:   139        EV: 13    Int: 18    God:
                   SH:  0    Dex: 14

rFire    + + .     SeeInvis .   p - +3 hand axe (venom)
rCold    x . .     Faith    .   (no shield)
rNeg     . . .     Spirit   .   a - +0 robe
rPois    ∞         Reflect  .   (no helmet)
rElec    .         Harm     .   (no cloak)
rCorr    .         Rampage  .   (no gloves)
Will     .....                  (boots unavailable)
Stlth    ++........             (no amulet)
HPRegen  0.14/turn              (no ring)
MPRegen  0.00/turn              (no ring)

@: freezing walls, flying, very slightly contaminated
A: fire resistance 2, cold vulnerability 1, float, innate caster, hp casting,
extra vitality 1
a: no special abilities


You were on level 4 of the Dungeon.
You visited 1 branch of the dungeon, and saw 4 of its levels.

You collected 139 gold pieces.

Inventory:

Hand Weapons
 l - a +1 vampiric short sword
 p - a +3 hand axe of venom (weapon)
Missiles
 f - 28 poisoned darts
Armour
 a - a +0 robe (worn)
Jewellery
 g - a ring of protection from cold
Scrolls
 c - 2 scrolls of identify
 d - 2 scrolls of holy word {unknown}
 j - a scroll of immolation {unknown}
 o - a scroll of fear {unknown}
Potions
 b - a potion of curing
 e - 2 potions of heal wounds {unknown}
 h - 3 potions of lignification {unknown}
 i - a potion of mutation {unknown}
 k - 2 potions of flight {unknown}
 m - a potion of degeneration {unknown}
 n - a potion of brilliance {unknown}


   Skills:
 + Level 1.7 Fighting
 - Level 3.0 Dodging
 - Level 2.2 Stealth
 - Level 0.5 Unarmed Combat
 + Level 5.6 Spellcasting


You couldn't memorise any spells.
You knew the following spells:

 Your Spells              Type           Power      Damage    Failure   Level
a - Freeze                Ice            100%       1d11      1%          1
b - Frozen Ramparts       Ice            50%        1d7       3%          3
c - Ozocubu's Armour      Ice            25%        N/A       3%          3
d - Hailstorm             Conj/Ice       25%        3d7       12%         4
e - Metabolic Englaciati  Hex/Ice        12%        N/A       34%         5
f - Sandblast             Erth           50%        2d12      1%          1
g - Ensorcelled Hibernat  Hex/Ice        50%        N/A       1%          2
Your spell library was empty.

Dungeon Overview and Level Annotations

Branches:
Dungeon (3/15)

Altars:
Uskayaw

Shops:
D:1 [


Innate Abilities, Weirdness & Mutations

You are immune to poison.
Your flesh is very heat resistant. (rF++)
You are vulnerable to cold. (rC-)
You float through the air rather than walking.
You learn spells naturally, not from books.
Your magical power is your life essence.
You have superior vitality. (+4 HP)


Message History

Aiming: Freeze (safe; 1% risk of failure)
Press: ? - help, Shift-Dir - straight line, f - Ijyb
Aim: Ijyb, wielding a +0 club, wearing a +0 leather armour and carrying a wand of iceblast (9) (moderately wounded)
You miscast Freeze.
You are very lightly contaminated with residual magic.
Nothing appears to happen.
The wall freezes Ijyb.
Ijyb hits you with a +0 club.
The wall freezes the gnoll.
The gnoll hits you with a +0 flail.
Unknown command.
Casting: Freeze (safe; 1% risk of failure)
Confirm with . or Enter, or press ? or * to list all spells.
Aiming: Freeze (safe; 1% risk of failure)
Press: ? - help, Shift-Dir - straight line, f/p - Ijyb
Aim: Ijyb, wielding a +0 club, wearing a +0 leather armour and carrying a wand of iceblast (9) (moderately wounded)
Okay, then.
You hit Ijyb but do no damage.
Ijyb is poisoned.
Ijyb is moderately wounded.
You hit the endoplasm but do no damage.
The endoplasm is poisoned.
You closely miss the gnoll.
The wall freezes Ijyb.
Ijyb hits you with a +0 club.
The wall freezes the gnoll!
The gnoll hits you with a +0 flail!
The endoplasm hits you but does no damage.
The wall freezes the gnoll.
The gnoll misses you.
The wall freezes Ijyb.
Ijyb hits you with a +0 club.
As you read the scroll labelled SEATUS SUECE, it crumbles to dust.
It is a scroll of identify.
b - 2 potions of curing The wall freezes the gnoll.
The gnoll hits you with a +0 flail. The endoplasm barely misses you.
The wall freezes the gnoll.
The gnoll closely misses you.
The wall freezes Ijyb!
Ijyb hits you with a +0 club.
* * * LOW HITPOINT WARNING * * *
Okay, then.
Okay, then.
You feel better.
You kill Ijyb!
The wall freezes the gnoll.
You kill the gnoll!
The endoplasm misses you.
The wall freezes the gnoll.
The gnoll hits you from afar with a +0 halberd!
You die...

#########
........ #.....#
+.....+
#########.....##
.........)J....#
........)@.....#
##.....g#####..#
+..... #.....
....... .......
....... .......


You could see a gnoll and an endoplasm (very poisoned).

Vanquished Creatures
  Sigmund (D:1)
  Ijyb (D:4)
  8 adders
  A gnoll (D:4)
  A worm (D:2)
  A dart slug (D:3)
  11 ball pythons
  5 endoplasms
  A giant cockroach (D:3)
  7 goblins
  3 hobgoblins
  A jackal (D:3)
  3 quokkas
  8 bats
  2 frilled lizards (D:1)
  8 kobolds
  4 rats
66 creatures vanquished.

Notes
Turn   | Place    | Note
-------+----------+-------------------------------------------
     0 | D:1      | DogServant the Djinni Ice Elementalist began the quest for
                  | the Orb.
     0 | D:1      | Reached XP level 1. HP: 15/15 MP: 0/0
   219 | D:1      | Found Afrid's Armour Shop.
   348 | D:1      | Reached XP level 2. HP: 18/21 MP: 0/0
   493 | D:1      | Reached skill level 4 in Spellcasting
   903 | D:1      | Found a faded altar of an unknown god.
  1073 | D:1      | Reached XP level 3. HP: 24/25 MP: 0/0
  1073 | D:1      | Learned a level 1 spell: Sandblast
  1436 | D:2      | Noticed Sigmund
  1443 | D:1      | Killed Sigmund
  1444 | D:1      | Reached skill level 5 in Spellcasting
  1444 | D:1      | Reached XP level 4. HP: 21/31 MP: 0/0
  1444 | D:1      | Reached XP level 5. HP: 23/35 MP: 0/0
  1444 | D:1      | Learned a level 2 spell: Ensorcelled Hibernation
  1755 | D:2      | Reached skill level 1 in Fighting
  1943 | D:2      | Reached XP level 6. HP: 39/42 MP: 0/0
  2482 | D:3      | Found a hide-covered altar of Uskayaw.
  3054 | D:3      | You are sucked into a shaft and drop 1 floor!
  3055 | D:4      | Noticed Ijyb
  3061 | D:4      | Killed Ijyb
  3061 | D:4      | Slain by a gnoll

Illustrated notes

Levels and vault maps discovered:
D:1:      minmay_arrival_solitary_statue, layout_basic, serial_shops, shop,
          shapermc_ecumenical_altar_venn, minmay_split_cup_large
D:2:      layout_loops_ring, st_stairs_7, uniq_sigmund
D:3:      minmay_diamond_boxcup, layout_rooms, amcnicky_altar_gilded
D:4:      layout_basic, gup_sewer_entry_bubbles, serial_shops,
          kennysheep_little_box, shop, nicolae_shop_crystal, uniq_duvessa,
          uniq_robin, uniq_ijyb

Skill      XL: |  1  2  3  4  5  6 |
---------------+-------------------+-----
Spellcasting   | 4 5 |  5.6
Stealth        | 2 |  2.2
Fighting       | 1 |  1.7
Dodging        | 3 |  3.0
Unarmed Combat | |  0.5

Action                   |  1- 3 |  4- 6 || total
-------------------------+-------+-------++-------
Melee: Unarmed           |     7 |    13 ||    20
       Short sword       |       |    19 ||    19
       Hand axe          |       |     5 ||     5
 Cast: Freeze            |    34 |    23 ||    57
       Frozen Ramparts   |     2 |    11 ||    13
       Ozocubu's Armour  |     1 |       ||     1
  Use: Scroll            |       |     1 ||     1
       Potion            |       |     1 ||     1
Armor: Robe              |     4 |    14 ||    18
Dodge: Dodged            |    21 |    52 ||    73

Table legend: (Time is in decaauts)
 A = Elapsed time spent in this place.
 B = Non-inter-level travel time spent in this place.
 C = Inter-level travel time spent in this place.
 D = Time resting spent in this place.
 E = Time spent auto-exploring this place.
 F = Levels seen in this place.
 G = Mean time per level.
                   A        B        C        D        E       F      G
               +--------+--------+--------+--------+--------+-----+--------+
         Total |   3065 |   3033 |     32 |     50 |   2625 |   4 |  766.2 |
       Dungeon |   3065 |   3033 |     32 |     50 |   2625 |   4 |  766.2 |
               +--------+--------+--------+--------+--------+-----+--------+

Top non-repeatable levels by time:
     D:1: 1547 daAuts
     D:2: 871 daAuts
     D:3: 639 daAuts
     D:4: 7 daAuts
